 Dungeon Crawl Stone Soup version 0.26-a0-672-g1df16c3386 (webtiles) character file.

Game seed: 3548323401681498474

105 strifetoe the Conjurer (level 4, 0/35 HPs)
             Began as a Palentonga Hedge Wizard on Oct 20, 2020.
             Was an Initiate of Ashenzari.
             Slain by an ogre
             ... wielding a cursed +0 giant club
              (14 damage)
             ... on level 4 of the Dungeon.
             The game lasted 00:03:38 (3636 turns).

strifetoe the Conjurer (Palentonga Hedge Wizard)    Turns: 3636, Time: 00:03:39

Health: 0/35       AC:  4    Str: 14    XL:     4   Next: 54%
Magic:  1/8        EV: 14    Int: 14    God:    Ashenzari [......]
Gold:   152        SH:  5    Dex: 10    Spells: 3/9 levels left

rFire    . . .     SeeInvis +   e - +0 short sword
rCold    . . .     Faith    .   (no shield)
rNeg     . . .     Spirit   .   b - +0 robe
rPois    .         Reflect  +   c - +0 hat
rElec    .         Harm     .   (no cloak)
rCorr    .         Rampage  .   (no gloves)
MR       .....                  (no barding)
Stlth    +.........             j - amulet of reflection (curse)
HPRegen  0.11/turn              h - ring of flight
MPRegen  0.11/turn              r - +4 ring of evasion (curse)

@: very slightly contaminated
A: large, rugged brown scales 3, see invisible, deformed body, roll, armoured
tail
a: Rolling Charge, Curse Item, Renounce Religion, Evoke Flight


You were on level 4 of the Dungeon.
You worshipped Ashenzari.
Ashenzari was noncommittal.
You visited 1 branch of the dungeon, and saw 4 of its levels.

You collected 152 gold pieces.

Inventory:

Hand Weapons
 a - a +0 dagger
 e - a +0 short sword (weapon)
Armour
 b - a +0 robe (worn)
 c - a +0 hat (worn)
Jewellery
 h - a ring of flight (left hand)
 j - a cursed amulet of reflection (around neck)
 k - an uncursed amulet of guardian spirit
 p - an uncursed amulet of magic regeneration
 r - a cursed +4 ring of evasion (right hand)
Scrolls
 d - a scroll of identify {unknown}
 m - a scroll of random uselessness {unknown}
 o - 2 scrolls of remove curse
 s - a scroll of fog {unknown}
Potions
 f - 3 potions of curing {unknown}
 g - a potion of flight {unknown}
 i - a potion of heal wounds {unknown}
 l - a potion of haste {unknown}
 n - a potion of might {unknown}
 q - a potion of magic {unknown}
 t - a potion of lignification {unknown}


   Skills:
 - Level 1.5 Dodging
 - Level 1.2 Stealth
 - Level 3.0 Spellcasting
 + Level 4.1 Conjurations
 - Level 0.7 Summonings
   Level 1.0 Translocations


You had 3 spell levels left.
You knew the following spells:

 Your Spells              Type           Power        Failure   Level
a - Magic Dart            Conj           ##..         4%          1
b - Call Imp              Summ           #.......     24%         2
c - Mephitic Cloud        Conj/Pois/Air  #.......     36%         3

Your spell library contained the following spells:

 Spells                   Type           Power        Failure   Level
 Blink                    Tloc           N/A          22%         2
 Conjure Flame            Conj/Fire      #.......     28%         3
 Slow                     Hex            #.......     32%         2


Dungeon Overview and Level Annotations

Branches:
Dungeon (4/15)
 Temple: D:4-7

Altars:
Ashenzari
Cheibriados
Dithmenos


Innate Abilities, Weirdness & Mutations

You are completely covered in rugged brown scales. (AC +3, +7% HP)
You have supernaturally acute eyesight. (SInv)
Armour fits poorly on your strangely shaped body.
You can roll at foes to attack.
You have a long armoured tail.


Message History

Casting: Call Imp (dangerous; 24% risk of failure)
Confirm with . or Enter, or press ? or * to list all spells.
You miscast Call Imp.
Nothing appears to happen.
Your crimson imp hits the ogre.
Casting: Call Imp (dangerous; 24% risk of failure)
Confirm with . or Enter, or press ? or * to list all spells.
A beastly little devil appears in a puff of flame.
You block the ogre's attack.
Unknown command.
You barely miss the ogre.
The ogre is moderately wounded.
Your crimson imp hits the ogre.
The ogre hits you with a cursed +0 giant club!!
Ouch! That really hurt!
Your crimson imp hits the ogre.
Unknown command.
You hit the ogre.
The ogre is moderately wounded.
The ogre hits you with a cursed +0 giant club!
You die...

................ #
#...##.##....##
##.######### ##.###+###
...........# #........+
...........# #........#
.......<...# +........#
##.####..### ##.##....#
####..###########....##
#............@O5......#
#.............5.......#
#.....................#
#.....................#
#######################


You could see an ogre and 2 friendly crimson imps.

Vanquished Creatures
  A hound (D:3)
  4 adders
  An ooze (D:2)
  A dart slug (D:1)
  3 ball pythons (D:3)
  6 bats
  2 goblins
  5 hobgoblins
  5 kobolds
  A quokka skeleton (D:4)
  9 rats
38 creatures vanquished.

Notes
Turn   | Place    | Note
-------+----------+-------------------------------------------
     0 | D:1      | strifetoe the Palentonga Hedge Wizard began the quest for
                  | the Orb.
     0 | D:1      | Reached XP level 1. HP: 14/14 MP: 4/4
    33 | D:1      | Reached skill level 1 in Conjurations
   538 | D:1      | Reached XP level 2. HP: 11/21 MP: 4/6
   757 | D:1      | Reached skill level 2 in Conjurations
  1645 | D:2      | Reached XP level 3. HP: 19/27 MP: 2/7
  1820 | D:2      | Learned a level 2 spell: Call Imp
  1930 | D:2      | Found a shadowy altar of Dithmenos.
  1937 | D:2      | Found a broken altar of Ashenzari.
  1992 | D:2      | Reached skill level 3 in Conjurations
  2392 | D:2      | Became a worshipper of Ashenzari the Shackled
  2586 | D:2      | Found a snail-covered altar of Cheibriados.
  2910 | D:3      | Reached XP level 4. HP: 34/35 MP: 8/8
  2915 | D:3      | Learned a level 3 spell: Mephitic Cloud
  3003 | D:3      | Reached skill level 4 in Conjurations
  3618 | D:4      | Noticed an ogre
  3636 | D:4      | Slain by an ogre

Illustrated notes

Levels and vault maps discovered:
D:1:      dpeg_arrival_lava_temple_mockup, layout_basic
D:2:      layout_basic, lemuel_coloured_pillars_altar,
          amethyst_overflow_temple_binary
D:3:      layout_loops_ring
D:4:      layout_gridville, kennysheep_little_box,
          minmay_temple_entry_sparse_star, kennysheep_generic_room_5

Skill      XL: |  1  2  3  4 |
---------------+-------------+-----
Conjurations   | 1 2 3 4 |  4.1
Dodging        | |  1.5
Stealth        | |  1.2
Spellcasting   | |  3.0
Summonings     | |  0.7
Translocations | |  1.0

Action                   |  1- 3 |  4- 6 || total
-------------------------+-------+-------++-------
Melee: Dagger            |    22 |       ||    22
       Short sword       |    79 |    40 ||   119
       Tailslap          |     7 |     4 ||    11
 Cast: Magic Dart        |    27 |       ||    27
       Call Imp          |       |     2 ||     2
Invok: Curse Item        |       |     2 ||     2
 Stab: Sleeping          |     1 |     2 ||     3
Armor: Robe              |    50 |     6 ||    56
Dodge: Dodged            |    90 |    22 ||   112
Block: Other             |    15 |    16 ||    31

Table legend: (Time is in decaauts)
 A = Elapsed time spent in this place.
 B = Non-inter-level travel time spent in this place.
 C = Inter-level travel time spent in this place.
 D = Time resting spent in this place.
 E = Time spent auto-exploring this place.
 F = Levels seen in this place.
 G = Mean time per level.
                   A        B        C        D        E       F      G
               +--------+--------+--------+--------+--------+-----+--------+
         Total |   3646 |   3382 |    264 |    814 |   2155 |   4 |  911.5 |
       Dungeon |   3646 |   3382 |    264 |    814 |   2155 |   4 |  911.5 |
               +--------+--------+--------+--------+--------+-----+--------+

Top non-repeatable levels by time:
     D:1: 1443 daAuts
     D:2: 1190 daAuts
     D:3: 964 daAuts
     D:4: 47 daAuts
